 Dungeon Crawl Stone Soup version 0.23.2-33-g5129a83184 (webtiles) character file.

Game seed: 13987107202224257809

299 kae the Chopper (level 6, -3/56 HPs)
             Began as a Hill Orc Fighter on June 26, 2019.
             Slain by an ogre
             ... wielding a +0 giant club
              (8 damage)
             ... on level 4 of the Dungeon.
             The game lasted 00:03:13 (3034 turns).

kae the Chopper (Hill Orc Fighter)                  Turns: 3034, Time: 00:03:14

Health: -3/56      AC:  7    Str: 21    XL:     6   Next: 36%
Magic:  6/6        EV:  7    Int:  8    God:
Gold:   90         SH:  9    Dex: 10    Spells: 5/5 levels left

rFire    . . .     SeeInvis .   a - +0 war axe
rCold    . . .     Gourm    .   c - +0 shield
rNeg     . . .     Faith    .   b - +1 scale mail
rPois    .         Spirit   .   (no helmet)
rElec    .         Reflect  .   (no cloak)
rCorr    .         Harm     .   (no gloves)
MR       .....                  (no boots)
Stlth    ..........             (no amulet)
HPRegen  0.18/turn              (no ring)
MPRegen  0.10/turn              (no ring)

@: no status effects
A: no striking features
a: no special abilities


You were on level 4 of the Dungeon.
You were not hungry.

You visited 1 branch of the dungeon, and saw 4 of its levels.

You collected 90 gold pieces.

Inventory:

Hand Weapons
 a - a +0 war axe (weapon)
Armour
 b - a +1 scale mail (worn)
 c - a +0 shield (worn)
Jewellery
 e - an uncursed ring of flight
 n - a +3 ring of intelligence {unknown}
Wands
 j - a wand of enslavement (12)
Scrolls
 l - 2 scrolls of identify
Potions
 d - a potion of might
 g - a potion of haste
 h - a potion of heal wounds {unknown}
 i - 2 potions of curing {unknown}
 k - a potion of resistance
 m - 3 potions of magic {unknown}
 o - a potion of lignification {unknown}
 p - 2 potions of berserk rage {unknown}
Comestibles
 f - 5 rations


   Skills:
 + Level 5.6 Fighting
 * Level 7.2 Axes
 - Level 3.2 Armour
 - Level 3.2 Shields


You had 5 spell levels left.
You didn't know any spells.
Your spell library was empty.

Dungeon Overview and Level Annotations

Branches:
Dungeon (4/15)
 Temple: D:4-7

Altars:
Nemelex Xobeh
Okawaru


Message History

You are too injured to fight recklessly!
You are too injured to fight recklessly!
You hit the ogre.
The ogre is moderately wounded.
The ogre hits you with a +0 giant club!!
* * * LOW HITPOINT WARNING * * *
You hit the ogre.
The ogre is heavily wounded.
The ogre hits you but does no damage.
You barely miss the ogre.
The ogre is heavily wounded.
The ogre hits you with a +0 giant club!
* * * LOW HITPOINT WARNING * * *
You slash the ogre!
The ogre is almost dead.
You block the ogre's attack.
You hit the ogre but do no damage.
The ogre is almost dead.
The ogre hits you with a +0 giant club!
You die...

#.....#....##...#.#
#...............#..
#####..............
##...###..........
#..#.#.#..........
#...#.....##......
##...#....#.>......
###.#........###.......
#....O@##.#..###.....#.
#.......####..........#.
##...#... #............
#####...# ##.......>...
########...........
#.....#...........
###.....#...........
#.).._..#...........
#.#.....#...........


You could see an ogre.

Vanquished Creatures
  A centaur skeleton (D:4)
  2 orc wizards (D:3)
  A worker ant (D:4)
  11 adders
  An ooze (D:1)
  4 worms
  A dart slug (D:2)
  4 leopard geckos
  8 orcs
  3 ball pythons
  2 giant cockroaches
  6 goblins
  6 hobgoblins
  2 jackals (D:1)
  6 kobolds
  2 quokkas
  3 bats
  5 frilled lizards
  A jackal skeleton (D:4)
  12 rats
81 creatures vanquished.

Notes
Turn   | Place    | Note
-------+----------+-------------------------------------------
     0 | D:1      | kae the Hill Orc Fighter began the quest for the Orb.
     0 | D:1      | Reached XP level 1. HP: 19/19 MP: 1/1
    17 | D:1      | Reached skill level 3 in Axes
   163 | D:1      | Reached XP level 2. HP: 26/27 MP: 2/2
   303 | D:1      | Reached skill level 4 in Axes
   303 | D:1      | Reached XP level 3. HP: 33/33 MP: 3/3
   798 | D:2      | Reached XP level 4. HP: 31/41 MP: 4/4
   813 | D:2      | Reached skill level 5 in Axes
  1671 | D:2      | Reached XP level 5. HP: 44/47 MP: 5/5
  2147 | D:3      | Reached skill level 5 in Fighting
  2178 | D:3      | Reached skill level 6 in Axes
  2508 | D:4      | Found an iron altar of Okawaru.
  2563 | D:4      | Found a sparkling altar of Nemelex Xobeh.
  2620 | D:4      | Reached XP level 6. HP: 44/56 MP: 6/6
  2622 | D:4      | Reached skill level 7 in Axes
  3034 | D:4      | Slain by an ogre

Skill      XL: |  1  2  3  4  5  6 |
---------------+-------------------+-----
Axes           | 3 4 5 6 7 |  7.2
Fighting       | 4 5 |  5.6
Armour         | |  3.2
Shields        | |  3.2

Action                   |  1- 3 |  4- 6 || total
-------------------------+-------+-------++-------
Melee: War axe           |   111 |   165 ||   276
Evoke: Wand              |       |     1 ||     1
  Use: Scroll            |       |     6 ||     6
 Stab: Betrayed ally     |       |     1 ||     1
  Eat: Chunk             |       |     7 ||     7
Armor: Scale mail        |    58 |    80 ||   138
Dodge: Dodged            |    33 |    42 ||    75
Block: Shield            |    55 |    85 ||   140
